 Dungeon Crawl Stone Soup version 0.24.1-8-ga250c9d538 (webtiles) character file.

Game seed: 4004167194704643375, levelgen mode: deterministic

734 Krapule the Shield-Bearer (level 8, 0/61 HPs)
             Began as a Formicid Fighter on May 9, 2020.
             Was an Initiate of Makhleb.
             Killed from afar by an orc wizard (4 damage)
             ... with a magic dart
             ... on level 4 of the Dungeon.
             The game lasted 00:22:14 (4065 turns).

Krapule the Shield-Bearer (Formicid Fighter)        Turns: 4065, Time: 00:22:15

Health: 0/61       AC: 15    Str: 22    XL:     8   Next: 4%
Magic:  8/8        EV:  6    Int:  9    God:    Makhleb [......]
Gold:   196        SH: 10    Dex: 10    Spells: 7/7 levels left

rFire    . . .     SeeInvis +   a - +0 quarterstaff
rCold    . . .     Gourm    +   c - +0 shield
rNeg     . . .     Faith    .   w - +0 plate armour
rPois    .         Spirit   .   (helmet unavailable)
rElec    .         Reflect  .   s - +0 cloak
rCorr    .         Harm     .   m - +0 pair of gloves
MR       .....                  (no boots)
Stlth    ..........             p - amulet of the gourmand
HPRegen  0.20/turn              y - +1 ring of protection
MPRegen  0.11/turn              (no ring)

@: no status effects
A: permanent stasis, dig shafts and tunnels, four strong arms, antennae 3
a: Dig, Shaft Self, Renounce Religion


You were on level 4 of the Dungeon.
You worshipped Makhleb.
Makhleb was noncommittal.
You were completely stuffed.

You visited 2 branches of the dungeon, and saw 5 of its levels.
You also visited: Ossuary.

You collected 196 gold pieces.

Inventory:

Hand Weapons
 a - a +0 quarterstaff (weapon)
Missiles
 b - a throwing net (quivered)
Armour
 c - a +0 shield (worn)
 m - a +0 pair of gloves (worn)
 s - a +0 cloak (worn)
 w - a +0 plate armour (worn)
 A - the cursed +0 robe of Inquiry {rElec rF+, unknown}
   (You found it on level 4 of the Dungeon)

   It protects you from fire.
   It insulates you from electricity.
   It has a curse placed upon it.
Jewellery
 p - an amulet of the gourmand (around neck)
 u - an uncursed amulet of faith
 y - a +1 ring of protection (left hand)
Wands
 t - a wand of polymorph (1)
Scrolls
 e - a scroll of blinking {unknown}
 g - 2 scrolls of magic mapping {unknown}
 h - 2 scrolls of enchant armour {unknown}
 j - a scroll of enchant weapon {unknown}
 k - a scroll of identify
 l - 2 scrolls of random uselessness {unknown}
 n - 3 scrolls of immolation {unknown}
 o - a scroll of fog {unknown}
 r - 6 scrolls of remove curse
Potions
 d - a potion of might
 i - 2 potions of lignification
 q - 2 potions of mutation
 v - a potion of heal wounds
 x - 2 potions of curing
 B - 2 potions of flight
Comestibles
 f - 8 rations
 z - 3 chunks of flesh


   Skills:
 + Level 4.8 Fighting
 + Level 3.9 Staves
 + Level 4.9 Armour
 + Level 2.8 Dodging
 + Level 4.1 Stealth
 + Level 5.3 Shields
 + Level 0.3 Invocations


You had 7 spell levels left.
You didn't know any spells.
Your spell library contained the following spells:

 Spells                   Type           Power        Failure   Level  Hunger
 Haunt                    Necr/Summ      #.........   100%        7    #######
 Borgnjor's Revivificati  Necr           #.........   100%        8    #######
 Death's Door             Chrm/Necr      #.........   100%        8    #######
 Infestation              Necr           #.........   100%        8    #######
 Necromutation            Tmut/Necr      #.........   100%        8    #######


Dungeon Overview and Level Annotations

Branches:
Dungeon (4/15)             Temple (1/1) D:4         Ossuary (visited)

Altars:
Ashenzari
Cheibriados
Dithmenos
Elyvilon
Fedhas
Hepliaklqana
Kikubaaqudgha
Makhleb
Nemelex Xobeh
Okawaru
Qazlal
Ru
Sif Muna
Trog
Uskayaw
Xom
The Shining One

Shops:
D:4 %


Innate Abilities, Weirdness & Mutations

You cannot be hasted, slowed, berserked, paralysed or teleported.
You can dig through walls and to a lower floor.
Your four strong arms can wield two-handed weapons with a shield.
You have a pair of large antennae on your head. (SInv)


Message History

Your plate armour prevents you from hitting the orc wizard.
The orc wizard is heavily wounded.
The orc wizard closely misses you.
The orc wizard points at you and mumbles some strange words.
You easily resist.
You block the orc wizard's attack.
The orc wizard points at you and mumbles some strange words.
The magic dart hits you!
* * * LOW HITPOINT WARNING * * *
You block the orc wizard's attack.
Your shield and plate armour prevent you from hitting the orc wizard.
The orc wizard is heavily wounded.
The orc wizard gestures at you while chanting.
The magic dart hits you.
* * * LOW HITPOINT WARNING * * *
You closely miss the orc wizard.
The orc wizard is heavily wounded.
You block the orc wizard's attack. The orc wizard casts a spell at you.
The magic dart hits you.
You die...

#. #.# #. # #. #.# #.#
###### #..
######.###.#######.....
##..##.......##....<....##..
#....#)8.#....#... .........
#....)o..........# #######..
#...#8.>.8....#.####........
#.. #........##.............
#....#.8.#o@###.####.######.
#.#.........รท...# #.# #.
#.......#####.# #.# #.
#.###.#.# #.# #.# #. ...
.....# #.# #.# #. ## ###.#.#
... #.# #. #.#.. ... .# #. #
...# ## .## ##


You could see 2 orc wizards.

Vanquished Creatures
  A wraith (Ossuary)
  A bullfrog skeleton (D:4)
  2 orc priests (D:4)
  4 orc wizards
  Ijyb (D:4)
  2 iguanas (D:4)
  2 worker ants (D:4)
  2 mummies
  8 adders
  4 oozes
  6 worms
  3 dart slugs
  2 leopard geckos
  13 orcs
  10 bats
  6 giant cockroaches
  2 goblins
  4 hobgoblins
  5 jackals
  2 quokkas
  4 frilled lizards
  5 gnoll skeletons (Ossuary)
  13 kobolds
  5 kobold skeletons (Ossuary)
  15 orc skeletons (Ossuary)
  A quokka skeleton (D:4)
  12 rats
135 creatures vanquished.

Notes
Turn   | Place    | Note
-------+----------+-------------------------------------------
     0 | D:1      | Krapule the Formicid Fighter began the quest for the Orb.
     0 | D:1      | Reached XP level 1. HP: 18/18 MP: 1/1
   135 | D:1      | Reached XP level 2. HP: 23/24 MP: 2/2
   556 | D:1      | Reached XP level 3. HP: 29/29 MP: 3/3
   764 | D:2      | Reached skill level 1 in Stealth
  1000 | D:2      | Reached skill level 1 in Dodging
  1023 | D:2      | Reached skill level 4 in Shields
  1023 | D:2      | Reached XP level 4. HP: 31/36 MP: 4/4
  1468 | D:2      | Reached XP level 5. HP: 33/42 MP: 5/5
  2195 | D:3      | Found a shimmering blue altar of Sif Muna.
  2472 | D:3      | Reached XP level 6. HP: 39/48 MP: 6/6
  2834 | D:4      | Found Comiafer's Food Boutique.
  2964 | D:4      | Noticed Ijyb
  3125 | D:4      | Reached XP level 7. HP: 31/55 MP: 7/7
  3163 | D:4      | Killed Ijyb
  3216 | D:4      | Got a faintly humming robe
  3271 | D:4      | Reached skill level 5 in Shields
  3321 | D:4      | Found a sand-covered staircase.
  3331 | Ossuary  | Entered an ossuary
  3331 | Ossuary  | Noticed a wraith
  3331 | Ossuary  | Noticed a wraith
  3331 | Ossuary  | Noticed a wraith
  3635 | Ossuary  | Noticed a wraith
  3667 | Ossuary  | Killed a wraith
  3760 | D:4      | Found a snail-covered altar of Cheibriados.
  3854 | D:4      | Found a staircase to the Ecumenical Temple.
  3879 | Temple   | Entered the Ecumenical Temple
  4015 | Temple   | Became a worshipper of Makhleb the Destroyer
  4045 | D:4      | Reached XP level 8. HP: 27/61 MP: 8/8
  4065 | D:4      | Killed from afar by an orc wizard

Levels and vault maps discovered:
D:1:      minmay_arrival_loop, layout_basic
D:2:      layout_basic, minmay_randomly_rotated_circles
D:3:      layout_basic, led_sif_book
D:4:      minmay_octagon_keep, layout_loops_ring, cheibriados_altar_1,
          minmay_temple_entry_statues_pillars, serial_shops, shop, first_ration,
          gup_ossuary_entry_pyramid, minmay_hollow_rounded_squares, uniq_ijyb
Temple:   nicolae_temple_elliptical

Skill      XL: |  1  2  3  4  5  6  7 |
---------------+----------------------+-----
Stealth        | 1 2 3 4 |  4.1
Dodging        | 1 2 |  2.8
Shields        | 4 5 |  5.3
Armour         | 4 |  4.9
Staves         | 3 |  3.9
Fighting       | 4 |  4.8
Invocations    | |  0.3

Action                   |  1- 3 |  4- 6 |  7- 9 || total
-------------------------+-------+-------+-------++-------
Melee: Quarterstaff      |    87 |   284 |   158 ||   529
       Unarmed           |       |       |    16 ||    16
  Use: Scroll            |       |       |     8 ||     8
       Potion            |       |       |     1 ||     1
 Stab: Confused          |       |       |     2 ||     2
  Eat: Chunk             |       |    19 |     5 ||    24
Armor: Scale mail        |    51 |    32 |       ||    83
       Plate armour      |       |   106 |    57 ||   163
       Skin              |       |       |     2 ||     2
Dodge: Dodged            |    35 |    72 |    34 ||   141
Block: Shield            |    52 |   155 |    72 ||   279
